BLB
LOS ANGELES DINOS @ PHILADELPHIA FREEDOM
03/22/2060
 
TOP OF THE 1ST
Los Angeles Dinos batting - Pitching for Philadelphia Freedom : LHP Seth Faber
Pitching: LHP Seth Faber
Batting: RHB Efren Zamora 0-0: Ball
1-0: Swinging Strike
1-1: TRIPLE (Flyball, 89XD, EV 100.0 MPH)
Batting: RHB Andy Dillon 0-0: Called Strike
0-1: Foul Ball, location: 2F
0-2: Fly out, F3 (Popup, 34, EV 74.4 MPH)
Batting: LHB Tris Chikumbu 0-0: Ball
1-0: Fly out, F7 (Flyball, 7, EV 76.9 MPH)
Runner from 3rd tags up, SCORES, no throw by LF
Batting: RHB Vince Cox 0-0: Ball
1-0: Ball
2-0: Called Strike
2-1: Foul Ball, location: 2F
2-2: Foul Ball, location: 2F
2-2: Ball
3-2: Base on Balls
Batting: RHB Orrin Perkins 0-0: Ball
1-0: Ball
2-0: Called Strike
2-1: Called Strike
2-2: Fly out, F3 (Popup, 23, EV 87.5 MPH)
Top of the 1st over - 1 run, 1 hit, 0 errors, 1 left on base; Los Angeles 1 - Philadelphia 0
BOTTOM OF THE 1ST
Philadelphia Freedom batting - Pitching for Los Angeles Dinos : RHP Evan Browning
Pitching: RHP Evan Browning
Batting: RHB Isaiah Thomas 0-0: Foul Ball, location: 2F
0-1: Ball
1-1: Ball
2-1: Foul Ball, location: 2F
2-2: Foul Ball, location: 2F
2-2: SINGLE (Groundball, 6MD, EV 100.0 MPH)
Batting: RHB Wellington Wingate 0-0: Called Strike
0-1: Ball
Isaiah Thomas steals 2nd base
1-1: Called Strike
1-2: Strikes out swinging
Batting: LHB Rob Morris 0-0: Ball
1-0: Ball
2-0: Swinging Strike
2-1: Swinging Strike
2-2: Ball
3-2: 2-RUN HOME RUN (Line Drive, 9D, EV 100.0 MPH), Distance : 397 ft
Batting: RHB Coby Setko 0-0: Called Strike
0-1: Ball
1-1: Swinging Strike
1-2: Ball
2-2: Ball
3-2: Base on Balls
Batting: LHB Sage Emerson 0-0: Called Strike
0-1: Called Strike
0-2: Strikes out swinging
Batting: RHB Joseph Flynn 0-0: Ball
1-0: SINGLE (Line Drive, 78M, EV 98.1 MPH)
Coby Setko to second
Batting: LHB Amonte Raper 0-0: Ball
1-0: Ball
2-0: Swinging Strike
2-1: Foul Ball, location: 2F
2-2: Foul Ball, location: 2F
2-2: Strikes out swinging
Bottom of the 1st over - 2 runs, 3 hits, 0 errors, 2 left on base; Los Angeles 1 - Philadelphia 2
TOP OF THE 2ND
Los Angeles Dinos batting - Pitching for Philadelphia Freedom : LHP Seth Faber
Batting: LHB Johnathan Baird 0-0: Called Strike
0-1: Ball
1-1: Ground out 4-3 (Groundball, 4, EV 78.1 MPH)
Batting: RHB Cody Turner 0-0: Ball
1-0: Called Strike
1-1: Called Strike
1-2: Strikes out swinging
Batting: RHB Vance Thompson 0-0: Ball
1-0: Ground out 6-3 (Groundball, 6, EV 81.9 MPH)
Top of the 2nd over - 0 runs, 0 hits, 0 errors, 0 left on base; Los Angeles 1 - Philadelphia 2
BOTTOM OF THE 2ND
Philadelphia Freedom batting - Pitching for Los Angeles Dinos : RHP Evan Browning
Batting: RHB Art Swor 0-0: Called Strike
0-1: Called Strike
0-2: Ball
1-2: Ground out 4-3 (Groundball, 4, EV 98.8 MPH)
Batting: RHB Garret Connors 0-0: Called Strike
0-1: TRIPLE (Line Drive, 78XD, EV 103.1 MPH)
Batting: RHB Isaiah Thomas 0-0: SINGLE (Flyball, 8LS, EV 92.5 MPH)
Garret Connors scores
Batting: RHB Wellington Wingate 0-0: Ball
1-0: Called Strike
1-1: Ball
Pickoff Throw by Catcher to First - Out!
2-1: Ball
3-1: Called Strike
3-2: Strikes out swinging
Bottom of the 2nd over - 1 run, 2 hits, 0 errors, 0 left on base; Los Angeles 1 - Philadelphia 3
TOP OF THE 3RD
Los Angeles Dinos batting - Pitching for Philadelphia Freedom : LHP Seth Faber
Batting: RHB Mason Dvorak 0-0: Ball
1-0: Ball
2-0: Ground out 6-3 (Groundball, 6, EV 91.9 MPH)
Batting: RHB Efren Zamora 0-0: Ball
1-0: Swinging Strike
1-1: Ball
2-1: Ground out 4-3 (Groundball, 4, EV 103.8 MPH)
Batting: RHB Andy Dillon 0-0: Called Strike
0-1: Called Strike
0-2: Strikes out swinging
Top of the 3rd over - 0 runs, 0 hits, 0 errors, 0 left on base; Los Angeles 1 - Philadelphia 3
BOTTOM OF THE 3RD
Philadelphia Freedom batting - Pitching for Los Angeles Dinos : RHP Evan Browning
Batting: LHB Rob Morris 0-0: Ground out 6-3 (Groundball, 4M, EV 81.2 MPH)
Batting: RHB Coby Setko 0-0: Foul Ball, location: 2F
0-1: Ball
1-1: Called Strike
1-2: Foul Ball, location: 2F
1-2: Foul Ball, location: 2F
1-2: Ground out U3 (Groundball, 34S, EV 84.4 MPH)
Batting: LHB Sage Emerson 0-0: Fly out, F9 (Flyball, 89M, EV 84.4 MPH)
Bottom of the 3rd over - 0 runs, 0 hits, 0 errors, 0 left on base; Los Angeles 1 - Philadelphia 3
TOP OF THE 4TH
Los Angeles Dinos batting - Pitching for Philadelphia Freedom : LHP Seth Faber
Batting: LHB Tris Chikumbu 0-0: Called Strike
0-1: Ground out 4-3 (Groundball, 4, EV 76.2 MPH)
Batting: RHB Vince Cox 0-0: Called Strike
0-1: Called Strike
0-2: Foul Ball, location: 2F
0-2: Ball
1-2: Strikes out swinging
Batting: RHB Orrin Perkins 0-0: Ball
1-0: Ground out 5-3 (Groundball, 5S, EV 62.5 MPH)
Top of the 4th over - 0 runs, 0 hits, 0 errors, 0 left on base; Los Angeles 1 - Philadelphia 3
BOTTOM OF THE 4TH
Philadelphia Freedom batting - Pitching for Los Angeles Dinos : RHP Evan Browning
Batting: RHB Joseph Flynn 0-0: Ball
1-0: Foul Ball, location: 2F
1-1: Fly out, F9 (Flyball, 89M, EV 85.0 MPH)
Batting: LHB Amonte Raper 0-0: Ball
1-0: Swinging Strike
1-1: Ball
2-1: Foul Ball, location: 2F
2-2: Foul Ball, location: 2F
2-2: Ball
3-2: Fly out, F2 (Popup, 25F, EV 88.8 MPH)
Batting: RHB Art Swor 0-0: Ball
1-0: Ball
2-0: Called Strike
2-1: Fly out, F7 (Flyball, 7, EV 83.8 MPH)
Bottom of the 4th over - 0 runs, 0 hits, 0 errors, 0 left on base; Los Angeles 1 - Philadelphia 3
TOP OF THE 5TH
Los Angeles Dinos batting - Pitching for Philadelphia Freedom : LHP Seth Faber
Now in LF: Marlon Johnson
Batting: LHB Johnathan Baird 0-0: SINGLE (Line Drive, 78M, EV 97.5 MPH)
Batting: RHB Cody Turner 0-0: Ball
Johnathan Baird is caught stealing 2nd base 2-4
1-0: Ball
2-0: Called Strike
2-1: Foul Ball, location: 2F
2-2: SINGLE (Groundball, 56, EV 89.4 MPH) (infield hit)
Batting: RHB Vance Thompson 0-0: Swinging Strike
0-1: Foul Ball, location: 2F
0-2: Strikes out swinging
Batting: RHB Mason Dvorak 0-0: Ball
1-0: Ground out 6-3 (Groundball, 6MS, EV 71.9 MPH)
Top of the 5th over - 0 runs, 2 hits, 0 errors, 1 left on base; Los Angeles 1 - Philadelphia 3
BOTTOM OF THE 5TH
Philadelphia Freedom batting - Pitching for Los Angeles Dinos : RHP Evan Browning
Pitching: RHP Zane Pagano
Now at 1B: Martavious Visser
Batting: RHB Garret Connors 0-0: Called Strike
0-1: Called Strike
0-2: Strikes out swinging
Batting: RHB Isaiah Thomas 0-0: Foul Ball, location: 2F
0-1: Foul Ball, location: 2F
0-2: Strikes out swinging
Batting: RHB Wellington Wingate 0-0: Called Strike
0-1: Ground out 6-3 (Groundball, 6S, EV 80.6 MPH)
Bottom of the 5th over - 0 runs, 0 hits, 0 errors, 0 left on base; Los Angeles 1 - Philadelphia 3
TOP OF THE 6TH
Los Angeles Dinos batting - Pitching for Philadelphia Freedom : LHP Seth Faber
Now at 1B: Josh Frost
Pinch Hitting: LHB Shawn Hickey 0-0: Swinging Strike
0-1: Swinging Strike
0-2: Ball
1-2: SINGLE (Groundball, 3S, EV 76.9 MPH) (infield hit)
Batting: SHB Martavious Visser 0-0: Ball
1-0: Foul Ball, location: 2F
1-1: Foul Ball, location: 2F
1-2: SINGLE (Groundball, 56D, EV 98.1 MPH)
Shawn Hickey to second
Batting: LHB Tris Chikumbu 0-0: Fielders Choice at 2nd, 4-6 (Groundball, 34, EV 89.4 MPH)
Shawn Hickey to third
Pinch Hitting: RHB Cody Mancini 0-0: Ball
1-0: Foul Ball, location: 2F
1-1: Called Strike
1-2: Foul Ball, location: 2F
1-2: Foul Ball, location: 2F
1-2: Ball
2-2: DOUBLE (Line Drive, 7LM, EV 105.6 MPH)
Shawn Hickey scores
Tris Chikumbu to third
Batting: RHB Orrin Perkins 0-0: Ball
1-0: Ground out 6-3 (Groundball, 6, EV 79.4 MPH)
Batting: LHB Johnathan Baird 0-0: Ball
1-0: Swinging Strike
1-1: Swinging Strike
1-2: Ball
2-2: Ball
3-2: Strikes out looking
Top of the 6th over - 1 run, 3 hits, 0 errors, 2 left on base; Los Angeles 2 - Philadelphia 3
BOTTOM OF THE 6TH
Philadelphia Freedom batting - Pitching for Los Angeles Dinos : RHP Zane Pagano
Pitching: LHP Kobe Scott
Now at 2B: Cody Mancini
Now in CF: Shawn Hickey
Now in RF: Johnathan Baird
Batting: LHB Rob Morris 0-0: Called Strike
0-1: Ball
1-1: Ball
2-1: Ball
3-1: Called Strike
3-2: Fly out, F9 (Flyball, 89M, EV 81.9 MPH)
Batting: RHB Josh Frost 0-0: Called Strike
0-1: Ball
1-1: Fly out, F9 (Line Drive, 9S, EV 93.1 MPH)
Batting: RHB Walter Muller 0-0: Ball
1-0: Ball
2-0: Ball
3-0: Base on Balls
Pinch Hitting: RHB Steven Giblin 0-0: Called Strike
0-1: Called Strike
0-2: Strikes out swinging
Bottom of the 6th over - 0 runs, 0 hits, 0 errors, 1 left on base; Los Angeles 2 - Philadelphia 3
TOP OF THE 7TH
Los Angeles Dinos batting - Pitching for Philadelphia Freedom : LHP Seth Faber
Pitching: RHP Alec Jarvis
Now at 2B: Art Swor
Now at 3B: James Lester
Batting: RHB Cody Turner 0-0: Ball
1-0: Foul Ball, location: 2F
1-1: Called Strike
1-2: Strikes out looking
Pinch Hitting: RHB Derick Murphy 0-0: Called Strike
0-1: Called Strike
0-2: Ball
1-2: Ground out U3 (Groundball, 3L, EV 85.6 MPH)
Pinch Hitting: RHB Wyatt Steinauer 0-0: Swinging Strike
0-1: Called Strike
0-2: Ball
1-2: Strikes out swinging, 2-3 out at first.
Top of the 7th over - 0 runs, 0 hits, 0 errors, 0 left on base; Los Angeles 2 - Philadelphia 3
BOTTOM OF THE 7TH
Philadelphia Freedom batting - Pitching for Los Angeles Dinos : LHP Kobe Scott
Now at 3B: Wyatt Steinauer
Now at SS: Derick Murphy
Batting: LHB Marlon Johnson 0-0: Ball
1-0: Ball
2-0: Foul Ball, location: 2F
2-1: Fly out, F8 (Flyball, 8LD, EV 100.0 MPH)
Batting: RHB Art Swor 0-0: Ball
1-0: Ball
2-0: Foul Ball, location: 2F
2-1: Fly out, F8 (Line Drive, 8LM, EV 108.8 MPH)
Batting: RHB Garret Connors 0-0: Foul Ball, location: 2F
0-1: Ball
1-1: Ball
2-1: Ball
3-1: Called Strike
3-2: Strikes out swinging
Bottom of the 7th over - 0 runs, 0 hits, 0 errors, 0 left on base; Los Angeles 2 - Philadelphia 3
TOP OF THE 8TH
Los Angeles Dinos batting - Pitching for Philadelphia Freedom : RHP Alec Jarvis
Pitching: RHP Levi Quinn
Batting: LHB Shawn Hickey 0-0: Foul Ball, location: 2F
0-1: Ball
1-1: Ball
2-1: Foul Ball, location: 2F
2-2: Ball
3-2: DOUBLE (Line Drive, 78D, EV 108.1 MPH)
Batting: SHB Martavious Visser 0-0: Ball
1-0: Ball
2-0: DOUBLE (Line Drive, 9LD, EV 105.6 MPH)
Shawn Hickey scores
Batting: LHB Tris Chikumbu 0-0: Intentional Walk
Batting: RHB Cody Mancini 0-0: Called Strike
0-1: Called Strike
0-2: Ball
1-2: Fielders Choice at 2nd, 6-4 (Groundball, 6D, EV 105.6 MPH)
Martavious Visser to third
Batting: RHB Orrin Perkins 0-0: Ball
1-0: Ball
2-0: Ball
3-0: Called Strike
3-1: Called Strike
3-2: Foul Ball, location: 2F
3-2: Foul Ball, location: 2F
3-2: SINGLE (Groundball, 56D, EV 101.2 MPH)
Martavious Visser scores
Cody Mancini to second
Batting: LHB Johnathan Baird 0-0: Called Strike
0-1: Ball
1-1: Ball
2-1: Foul Ball, location: 2F
2-2: Strikes out looking
Batting: RHB Cody Turner 0-0: Ball
1-0: Ball
2-0: Called Strike
2-1: Called Strike
2-2: Ball
3-2: Base on Balls
Cody Mancini to third
Orrin Perkins to second
Pitching: RHP Alec Goeman
Batting: RHB Derick Murphy 0-0: Ball
1-0: Ground out U3 (Groundball, 34S, EV 91.2 MPH)
Top of the 8th over - 2 runs, 3 hits, 0 errors, 3 left on base; Los Angeles 4 - Philadelphia 3
BOTTOM OF THE 8TH
Philadelphia Freedom batting - Pitching for Los Angeles Dinos : LHP Kobe Scott
Pitching: RHP Drake Frykman
Batting: RHB Isaiah Thomas 0-0: Fly out, F9 (Flyball, 9, EV 90.0 MPH)
Batting: RHB Wellington Wingate 0-0: Called Strike
0-1: Ball
1-1: Ball
2-1: Ball
3-1: Foul Ball, location: 2F
3-2: Ground out 4-3 (Groundball, 34, EV 101.9 MPH)
Batting: LHB Rob Morris 0-0: Ball
1-0: Ball
2-0: Ball
3-0: Base on Balls
Batting: RHB Josh Frost 0-0: Ground out 4-3 (Groundball, 34, EV 102.5 MPH)
Bottom of the 8th over - 0 runs, 0 hits, 0 errors, 1 left on base; Los Angeles 4 - Philadelphia 3
TOP OF THE 9TH
Los Angeles Dinos batting - Pitching for Philadelphia Freedom : RHP Alec Goeman
Batting: RHB Wyatt Steinauer 0-0: Ball
1-0: Ball
2-0: Foul Ball, location: 2F
2-1: Called Strike
2-2: Ball
3-2: Base on Balls
Batting: LHB Shawn Hickey 0-0: Ball
1-0: Foul Ball, location: 2F
1-1: Ball
2-1: Ball
3-1: Fly out, F7 (Flyball, 7LSF, EV 73.8 MPH)
Pinch Hitting: RHB Rob Detling 0-0: Called Strike
0-1: Ball
1-1: Fly out, F7 (Flyball, 7, EV 84.4 MPH)
Batting: LHB Tris Chikumbu 0-0: Ball
1-0: Ball
2-0: Called Strike
2-1: Ground out 2-3 (Groundball, 13S, EV 73.1 MPH)
Top of the 9th over - 0 runs, 0 hits, 0 errors, 1 left on base; Los Angeles 4 - Philadelphia 3
BOTTOM OF THE 9TH
Philadelphia Freedom batting - Pitching for Los Angeles Dinos : RHP Drake Frykman
Pitching: RHP Lucian Naito
Now at 1B: Rob Detling
Batting: RHB Walter Muller 0-0: Called Strike
0-1: Foul Ball, location: 2F
0-2: Ball
1-2: Ball
2-2: Ball
3-2: SOLO HOME RUN (Flyball, 78XD, EV 107.5 MPH), Distance : 426 ft
Batting: RHB James Lester 0-0: SINGLE (Line Drive, 5D, EV 100.0 MPH)
Batting: LHB Marlon Johnson 0-0: Called Strike
0-1: Foul Ball, location: 2F
0-2: Fly out, F8 (Flyball, 89M, EV 81.9 MPH)
Batting: RHB Art Swor 0-0: Called Strike
0-1: Called Strike
0-2: Strikes out swinging
Pinch Hitting: RHB Gavin Hubble 0-0: Called Strike
0-1: Ball
1-1: Swinging Strike
1-2: Ball
2-2: Fly out, F6 (Line Drive, 56, EV 71.2 MPH)
Bottom of the 9th over - 1 run, 2 hits, 0 errors, 1 left on base; Los Angeles 4 - Philadelphia 4
TOP OF THE 10TH
Los Angeles Dinos batting - Pitching for Philadelphia Freedom : RHP Alec Goeman
Pitching: RHP Turner Hicks
Now at C: Gavin Hubble
Pinch Hitting: RHB Corby Maish 0-0: Ball
1-0: Swinging Strike
1-1: Ground out U3 (Groundball, 3, EV 83.8 MPH)
Pinch Hitting: RHB Jahmel Ortiz 0-0: Ball
1-0: Called Strike
1-1: Foul Ball, location: 2F
1-2: Ground out 6-3 (Groundball, 6M, EV 102.5 MPH)
Batting: LHB Johnathan Baird 0-0: Ball
1-0: Ball
2-0: Called Strike
2-1: Called Strike
2-2: Strikes out swinging
Top of the 10th over - 0 runs, 0 hits, 0 errors, 0 left on base; Los Angeles 4 - Philadelphia 4
BOTTOM OF THE 10TH
Philadelphia Freedom batting - Pitching for Los Angeles Dinos : RHP Lucian Naito
Pitching: RHP Dane Wines
Now at C: Jahmel Ortiz
Now at 2B: Corby Maish
Batting: RHB Isaiah Thomas 0-0: Foul Ball, location: 2F
0-1: Foul Ball, location: 2F
0-2: Strikes out swinging
Batting: RHB Wellington Wingate 0-0: Ground out 4-3 (Groundball, 34, EV 87.5 MPH)
Batting: LHB Rob Morris 0-0: Foul Ball, location: 2F
0-1: Swinging Strike
0-2: Ball
1-2: Strikes out swinging
Bottom of the 10th over - 0 runs, 0 hits, 0 errors, 0 left on base; Los Angeles 4 - Philadelphia 4
TOP OF THE 11TH
Los Angeles Dinos batting - Pitching for Philadelphia Freedom : RHP Turner Hicks
Pitching: LHP Clay O'Gara
Batting: RHB Cody Turner 0-0: Ball
1-0: SINGLE (Groundball, 6MD, EV 108.1 MPH)
Batting: RHB Derick Murphy 0-0: Ball
1-0: Called Strike
1-1: Foul Ball, location: 2F
1-2: SINGLE (Groundball, 34S, EV 65.6 MPH) (infield hit)
Cody Turner to second
Batting: RHB Wyatt Steinauer 0-0: Ball
1-0: Called Strike
1-1: Ball
2-1: Ball
3-1: Base on Balls
Cody Turner to third
Derick Murphy to second
Batting: LHB Shawn Hickey 0-0: Ball
1-0: Foul Ball, location: 2F
1-1: Grounds into fielders choice 6-2 (Groundball, 6S, EV 69.4 MPH)
Derick Murphy to third
Wyatt Steinauer to second
Batting: RHB Rob Detling 0-0: Ball
1-0: Ball
2-0: Called Strike
2-1: Foul Ball, location: 2F
2-2: Strikes out swinging
Batting: LHB Tris Chikumbu 0-0: Called Strike
0-1: Fly out, F7 (Flyball, 78S, EV 96.2 MPH)
Top of the 11th over - 0 runs, 2 hits, 0 errors, 3 left on base; Los Angeles 4 - Philadelphia 4
BOTTOM OF THE 11TH
Philadelphia Freedom batting - Pitching for Los Angeles Dinos : RHP Dane Wines
Pitching: RHP Kyle Eckrote
Batting: RHB Josh Frost 0-0: DOUBLE (Flyball, 8LXD, EV 98.8 MPH)
Batting: SHB Wes Johnson 0-0: Foul Ball, location: 2F
0-1: Foul Ball, location: 2F
0-2: Ball
1-2: Ball
2-2: Ball
3-2: Base on Balls
Batting: RHB James Lester 0-0: Foul Ball, location: 2F
0-1: Called Strike
0-2: Ball
1-2: Foul Ball, location: 2F
1-2: SINGLE (Groundball, P, EV 87.5 MPH) (infield hit)
Josh Frost to third
Wes Johnson to second
Batting: LHB Marlon Johnson 0-0: Ball
1-0: Ball
2-0: SINGLE (Line Drive, 6D, EV 103.8 MPH)
Josh Frost scores
Bottom of the 11th over - 1 run, 3 hits, 0 errors, 2 left on base; Los Angeles 4 - Philadelphia 5
Wednesday, April 17th , 2024 - OOTP Baseball 23.10 Build 110